 Dungeon Crawl Stone Soup version 0.25-a0-341-g6f074c887a (webtiles) character file.

Game seed: 4036084581168725953, levelgen mode: deterministic

23 Gildeon the Caller (level 2, 0/15 HPs)
             Began as a Deep Elf Summoner on Dec 30, 2019.
             Slain by a jackal (2 damage)
             ... on level 1 of the Dungeon.
             The game lasted 00:05:28 (1188 turns).

Gildeon the Caller (Deep Elf Summoner)              Turns: 1188, Time: 00:05:29

Health: 0/15       AC:  2    Str:  5    XL:     2   Next: 72%
Magic:  8/8        EV: 13    Int: 19    God:
Gold:   83         SH:  0    Dex: 15    Spells: 5/8 levels left

rFire    . . .     SeeInvis .   e - +0 whip
rCold    . . .     Gourm    .   (no shield)
rNeg     . . .     Faith    .   a - +0 robe
rPois    .         Spirit   .   (no helmet)
rElec    .         Reflect  .   (no cloak)
rCorr    .         Harm     .   (no gloves)
MR       .....                  (no boots)
Stlth    ++........             (no amulet)
HPRegen  0.05/turn              (no ring)
MPRegen  0.11/turn              (no ring)

@: no status effects
A: no striking features
a: no special abilities


You were on level 1 of the Dungeon.
You were hungry.

You visited 1 branch of the dungeon, and saw 1 of its levels.

You collected 83 gold pieces.

Inventory:

Hand Weapons
 e - a +0 whip (weapon)
Missiles
 b - 4 poisoned darts (quivered)
Armour
 a - a +0 robe (worn)
Jewellery
 g - an uncursed amulet of rage {unknown}
Scrolls
 f - a scroll of teleportation {unknown}
 i - a scroll of identify {unknown}
 j - a scroll of blinking {unknown}
 k - a scroll of enchant weapon {unknown}
Potions
 d - 2 potions of heal wounds {unknown}
 h - a potion of haste {unknown}
 l - a potion of brilliance {unknown}
 m - a potion of curing {unknown}
Comestibles
 c - a ration


   Skills:
 + Level 3.0 Dodging
 - Level 2.4 Stealth
 + Level 3.6 Spellcasting
 + Level 4.7 Summonings


You had 5 spell levels left.
You knew the following spells:

 Your Spells              Type           Power        Failure   Level  Hunger
a - Summon Small Mammal   Summ           ###.         1%          1    None
b - Call Imp              Summ           ###.....     3%          2    ##.....

Your spell library contained the following spells:

 Spells                   Type           Power        Failure   Level  Hunger
 Call Canine Familiar     Summ           ###.....     6%          3    ###....
 Summon Guardian Golem    Hex/Summ       ##......     16%         3    ###....
 Summon Ice Beast         Ice/Summ       ##......     47%         4    ####...
 Summon Lightning Spire   Summ/Air       ##......     47%         4    ####...


Dungeon Overview and Level Annotations

Branches:
Dungeon (1/15)

Altars:


Message History

You hit the jackal but do no damage. The jackal bites you.
Your quokka barely misses the jackal.
You barely miss the jackal. The jackal closely misses you.
Your quokka misses the jackal. The jackal barely misses you.
Your quokka barely misses the jackal.
You barely miss the jackal. The jackal bites you.
Your quokka misses the jackal. You miss the jackal.
The jackal barely misses you.
Your quokka bites the jackal.
The jackal bites you.
* * * LOW HITPOINT WARNING * * *
You closely miss the jackal.
The jackal is moderately wounded.
Your quokka bites the jackal but does no damage.
The jackal closely misses you.
Your quokka barely misses the jackal.
You closely miss the jackal.
The jackal is moderately wounded.
The jackal bites you.
* * * LOW HITPOINT WARNING * * *
The jackal bites you.
You die...

#.# #.# #.# #.#
##.##### #.# #.#
#####...(.. #.# ...
........# #.# #.#
###.#....####. #.#
#.............
...#.##r#.####. #h# ..
#@# ## #.# ########
#.# #......# #.#
#.####.# #.#
#.####.#######.####.##
#.#........##.........
#.#.##.###.##..####.#.
#.#.##.# #.##...##


You could see a jackal and a friendly quokka.

Vanquished Creatures
  An ooze (D:1)
  A bat (D:1)
  2 giant cockroaches (D:1)
  2 goblins (D:1)
  A jackal (D:1)
  A frilled lizard (D:1)
  A kobold (D:1)
  3 rats (D:1)
12 creatures vanquished.

Vanquished Creatures (collateral kills)
  A dart slug (D:1)
  A leopard gecko (D:1)
  2 goblins (D:1)
  A jackal (D:1)
  2 bats (D:1)
  A kobold (D:1)
  A rat (D:1)
9 creatures vanquished.

Grand Total: 21 creatures vanquished

Notes
Turn   | Place    | Note
-------+----------+-------------------------------------------
     0 | D:1      | Gildeon the Deep Elf Summoner began the quest for the Orb.
     0 | D:1      | Reached XP level 1. HP: 10/10 MP: 6/6
   477 | D:1      | Reached XP level 2. HP: 6/15 MP: 4/8
   481 | D:1      | Learned a level 2 spell: Call Imp
  1188 | D:1      | Slain by a jackal

Levels and vault maps discovered:
D:1:      mrwooster_arrival_statue_3, layout_loops_corners,
          ebering_dispersal_statue_hall

Skill      XL: |  1  2 |
---------------+-------+-----
Dodging        | 3 |  3.0
Stealth        | |  2.4
Spellcasting   | |  3.6
Summonings     | |  4.7

Action                   || total
-------------------------++-------
Melee: Whip              ||    60
 Cast: Summon Small Mamm ||    18
 Stab: Sleeping          ||     4
Armor: Robe              ||    20
Dodge: Dodged            ||    57

Table legend:
 A = Non-vault XP
 B = Vault XP
 C = Vault XP percentage of total XP
 D = Non-vault monster count
 E = Vault monster count
 F = Vault count percentage of total count
                 A         B        C        D         E       F
            +---------+---------+-------+---------+---------+-------
      Total |      33 |       0 |   0.0 |      21 |       0 |   0.0
            +---------+---------+-------+---------+---------+-------
        D:1 |      33 |       0 |   0.0 |      21 |       0 |   0.0
            +---------+---------+-------+---------+---------+-------
